 Dungeon Crawl Stone Soup version 0.27.1-1-g398f81649c (webtiles) character file.

Game seed: 5840379011083362383

158 BOMJPIETVODKU the Digger (level 5, -3/32 (33) HPs)
             Began as an Octopode Earth Elementalist on Sept 7, 2021.
             Killed by divine providence
             ... invoked by an orc priest
              (9 damage)
             ... on level 3 of the Dungeon.
             The game lasted 00:09:14 (3342 turns).

BOMJPIETVODKU the Digger (OpEE)                     Turns: 3342, Time: 00:09:15

HP:   -3/32 (33)    AC:  1    Str:  7    XL:     5   Next: 39%
MP:   6/9           EV: 13    Int: 19    God:
Gold: 48            SH:  0    Dex: 12    Spells: 9/10 levels left

rFire    . . .     SeeInvis .   l - +1 dagger (elec)
rCold    . . .     Faith    .   (no shield)
rNeg     . . .     Spirit   .   (helmet restricted)
rPois    .         Reflect  .   (no amulet)
rElec    .         Harm     .   (no ring)
rCorr    .         Rampage  .   (no ring)
Will     .....                  (no ring)
Stlth    ++++......             (no ring)
HPRegen  0.10/turn              (no ring)
MPRegen  0.11/turn              (no ring)
                                (no ring)
                                (no ring)

@: lightly drained
A: almost no armour, amphibious, 8 rings, camouflage 1, gelatinous body 1,
(nimble swimmer 1), tentacles
a: no special abilities


You were on level 3 of the Dungeon.
You visited 1 branch of the dungeon, and saw 3 of its levels.

You collected 48 gold pieces.

Inventory:

Hand Weapons
 a - a +0 club
 f - a +1 hand axe of freezing
 l - a +1 dagger of electrocution (weapon)
Missiles
 b - 26 stones
 h - 15 poisoned darts
Potions
 c - 2 potions of degeneration
 d - a potion of berserk rage {unknown}
 e - a potion of might {unknown}
 g - a potion of invisibility {unknown}
 i - a potion of brilliance {unknown}
 j - a potion of cancellation {unknown}
 k - a potion of haste {unknown}
 n - 2 potions of attraction


   Skills:
 + Level 1.0 Fighting
 - Level 2.0 Dodging
 + Level 4.3 Stealth
 + Level 3.1 Spellcasting
 * Level 0.2 Conjurations
 + Level 1.0 Transmutations
 + Level 4.3 Earth Magic


You had 9 spell levels left.
You knew the following spells:

 Your Spells              Type           Power      Damage    Failure   Level
a - Sandblast             Erth           38%        2d10      2%          1

Your spell library contained the following spells:

 Spells                   Type           Power      Damage    Failure   Level
 Passwall                 Tmut/Erth      10%        N/A       8%          2
 Stone Arrow              Conj/Erth      22%        3d8       19%         3
 Petrify                  Tmut/Erth      13%        N/A       45%         4


Dungeon Overview and Level Annotations

Branches:
Dungeon (3/15)

Altars:


Innate Abilities, Weirdness & Mutations

You cannot wear most types of armour.
You are amphibious.
You can wear up to eight rings at the same time.
Your skin changes colour to match your surroundings (Stealth+).
Your rubbery body absorbs attacks. (AC +1, EV +1)
((You are camouflaged near water. (Stealth+)))
You have tentacles for arms and can constrict up to eight enemies at once.


Message History

a +0 flail of draining; an orc corpse
Found a faded altar of an unknown god.
b - 29 stones (gained 20)
You open the door.
Found a runed opal ring. 2 orcs come into view.
An orc is wielding a +0 short sword and wearing a +0 leather armour of fire resistance.
The orc shouts!
There is an open door here.
An orc comes into view.
It is wielding a +0 whip and wearing a +2 leather armour of cold resistance.
An orc priest comes into view. It is wielding a +0 dagger.
There is an open door here.
You close the door.
You start resting.
Something unseen opens the door.
Aiming: Sandblast (safe; 2% risk of failure)
Press: ? - help, Q - select action, (/) - cycle Shift-Dir - straight line, f - orc
Aim: an orc, wielding a +0 flail and wearing a +0 scale mail (82% to hit)
The blast of sand hits the orc but does no damage.
The orc priest shouts!
You hear a shout! x2
The orc priest jeers to no one in particular.
Aiming: Sandblast (safe; 2% risk of failure)
Press: ? - help, Q - select action, (/) - cycle Shift-Dir - straight line, f/p - orc
Aim: an orc, wielding a +0 flail and wearing a +0 scale mail (82% to hit)
The blast of sand hits the orc.
The orc is heavily wounded.
The orc hits you with a +0 flail!
The orc priest miscasts a cantrip.
Aiming: Sandblast (safe; 2% risk of failure)
Press: ? - help, Q - select action, (/) - cycle Shift-Dir - straight line, f/p - orc
Aim: an orc, wielding a +0 flail and wearing a +0 scale mail (heavily wounded, 82% to hit)
The blast of sand hits the orc.
The orc is severely wounded.
The orc hits you with a +0 flail!
* * * LOW HITPOINT WARNING * * *
The orc completely misses you.
The orc priest invokes the aid of Beogh against you.
Beogh smites you!
You die...

#...# #########.........,*
#...###.................,***
.)..'..................>,,,*
#...###............#***,**,****
#...# #............#***,**,,,,*
#.(.###...†........#*,,,,,,,,,*
....)..............#*,*,*,,,,,*
###...............####*,*,*,,,*
* #.......).....@..^_#,,,,*,***
*
#..[............####*,***,*****
#....#####...###o## *,* *,,,,,,
#....# #...# #.o# *,* *******
#....# #...# ##o###,* ######
#...# #.o..#,* * #...# #....#,*
***** #.,.# #....#,* **,,,*
******#=...#+** *,,,,,


You could see an orc priest and 3 orcs.

Vanquished Creatures
  Jessica (D:3)
  7 adders
  2 worms
  2 dart slugs (D:2)
  An orc (D:3)
  4 endoplasms
  3 giant cockroaches
  6 goblins
  3 hobgoblins
  A kobold (D:1)
  5 quokkas
  7 ball pythons
  6 bats
  5 frilled lizards
  9 rats
62 creatures vanquished.

Notes
Turn   | Place    | Note
-------+----------+-------------------------------------------
     0 | D:1      | BOMJPIETVODKU the Octopode Earth Elementalist began the
                  | quest for the Orb.
     0 | D:1      | Reached XP level 1. HP: 11/11 MP: 3/3
   651 | D:1      | Reached XP level 2. HP: 14/17 MP: 5/5
  1357 | D:1      | Reached XP level 3. HP: 17/21 MP: 3/6
  1721 | D:2      | Reached XP level 4. HP: 27/27 MP: 7/7
  2829 | D:3      | Reached skill level 1 in Fighting
  3060 | D:3      | Noticed Jessica
  3064 | D:3      | Killed Jessica
  3065 | D:3      | Reached XP level 5. HP: 29/33 MP: 6/9
  3316 | D:3      | Found a faded altar of an unknown god.
  3342 | D:3      | Killed from afar by an orc priest

Illustrated notes

Levels and vault maps discovered:
D:1:      psy_arrival_whirlpool, layout_rooms
D:2:      layout_loops_ring
D:3:      layout_basic, mainiacjoe_overflow_tiny_flanked,
          hellmonk_ecumenical_altar_leap_of_faith, kennysheep_jessica_study,
          uniq_jessica

Skill      XL: |  1  2  3  4 |
---------------+-------------+-----
Stealth        | 3 4 |  4.3
Earth Magic    | 4 |  4.3
Fighting       | 1 |  1.0
Spellcasting   | 3 |  3.1
Dodging        | |  2.0
Conjurations   | |  0.2
Transmutations | |  1.0

Action                   |  1- 3 |  4- 6 || total
-------------------------+-------+-------++-------
Melee: Unarmed           |    10 |       ||    10
       Hand axe          |    32 |    29 ||    61
       Constrict         |    10 |     8 ||    18
       Club              |     3 |       ||     3
       Tentacles         |     6 |     3 ||     9
       Trident           |     1 |       ||     1
       Dagger            |       |    12 ||    12
 Cast: Sandblast         |    13 |    31 ||    44
  Use: Scroll            |       |     6 ||     6
 Stab: Sleeping          |     6 |     6 ||    12
Armor: Skin              |     9 |     4 ||    13
Dodge: Dodged            |    28 |    34 ||    62
